AoeStats
← Rebel.

MegaRandom

507987621Analyzed
4v4 RM · 13d ago on Sep 20, 2026· 57m 57s· 8 players
Game mode
Random Map
Map size
Large (8 player)
Population
200
Speed
Normal
Resources
Standard
Victory
Conquest
Starting age
Dark Age
Ending age
Imperial Age
RankedLock teamsTeams togetherTeam positionsShared explorationLock speedFull tech treeHidden civsTurbo modeCheats
Victory
Defeat
🇷🇺 Franks · Russia
972
+15
🇩🇰 Berbers · Denmark
919
+17
🇧🇷 Vikings · Brazil
906
+18
🇫🇷 Burgundians · France
860
+19
🇨🇳 Armenians · China
960
-18
🇨🇳 Bohemians · China
959
-18
🇨🇳 Khmer · China
958
-18
🇨🇳 Persians · China
884
-15
mm_ken
7:19 Loom
11:00 Feudal Age
12:06 Double-Bit Axe
13:59 Town Watch
15:59 Forging
15:59 Scale Barding Armor
19:03 Castle Age
16:49 Horse Collar
17:33 Forging
20:16 Chain Barding Armor
20:09 Bow Saw
24:06 Bloodlines
25:38 Fletching
27:07 Heavy Plow
27:43 Husbandry
29:30 Gold Mining
30:59 Wheelbarrow
31:53 Stone Mining
34:36 Gold Shaft Mining
34:27 Light Cavalry
37:13 Hand Cart
40:05 Herbal Medicine
42:44 Imperial Age
40:26 Masonry
39:57 Treadmill Crane
41:05 Stone Shaft Mining
41:38 Iron Casting
42:54 Fervor
43:08 Ballistics
42:49 Heavy Camel Rider
42:50 Cavalier
44:08 Plate Barding Armor
43:28 Bodkin Arrow
44:08 Illumination
44:21 Theocracy
45:01 Chemistry
45:03 Conscription
44:44 Kasbah
48:10 Hoardings
49:01 Man-at-Arms
49:01 Pikeman
49:42 Squires
49:30 Arson
50:58 Maghrebi Camels
51:33 Scale Mail Armor
54:17 Caravan
57:12 Spies/Treason
lavive3113
6:37 Double-Bit Axe
12:40 Feudal Age
11:24 Horse Collar
13:23 Heavy Plow
15:13 Bow Saw
17:00 Wheelbarrow
17:06 Scale Barding Armor
17:12 Forging
20:38 Hand Cart
24:38 Castle Age
22:55 Gold Mining
23:00 Stone Mining
26:57 Two-Man Saw
26:30 Crop Rotation
26:45 Gold Shaft Mining
26:45 Stone Shaft Mining
26:25 Pikeman
27:06 Squires
27:11 Scale Mail Armor
27:19 Town Watch
29:05 Town Patrol
28:52 Loom
29:45 Chain Mail Armor
29:08 Cavalier
29:49 Husbandry
30:50 Chain Barding Armor
31:08 Iron Casting
33:32 Treadmill Crane
33:50 Murder Holes
33:46 Guard Tower
34:17 Ballistics
33:50 Fletching
35:10 Burgundian Vineyards
35:42 Crossbowman
35:42 Elite Skirmisher
40:29 Imperial Age
39:46 Caravan
40:22 Bodkin Arrow
42:21 Conscription
42:37 Hoardings
43:17 Chemistry
42:28 Masonry
42:04 Arrowslits
42:30 Fortified Wall
42:56 Keep
43:48 Bracer
44:51 Blast Furnace
44:27 Plate Barding Armor
43:54 Padded Archer Armor
48:19 Leather Archer Armor
51:43 Architecture
Ray
4:31 Loom
9:13 Feudal Age
14:31 Forging
16:48 Scale Barding Armor
19:57 Double-Bit Axe
20:27 Gold Mining
25:47 Castle Age
33:51 Arson
35:10 Husbandry
39:36 Bow Saw
40:28 #83
48:17 Chain Barding Armor
54:45 Iron Casting
HaweN
10:39 Feudal Age
17:24 Castle Age
17:29 Loom
29:01 Double-Bit Axe
30:21 Fletching
32:26 Horse Collar
34:56 Gold Mining
35:06 Bodkin Arrow
36:12 Murder Holes
38:13 Scale Mail Armor
41:29 Heavy Plow
43:55 Arson
47:48 Imperial Age
47:22 Forging
48:20 Town Watch
50:10 Elite Berserk
51:55 Iron Casting
52:38 Chain Mail Armor
53:13 Pikeman
53:53 Squires
57:09 Bow Saw
57:19 Stone Mining
58:06 Gold Shaft Mining
56:54 Man-at-Arms
57:20 Gambesons
秋绥冬禧
11:56 Feudal Age
12:23 Double-Bit Axe
12:21 Horse Collar
20:47 Castle Age
21:58 Bow Saw
21:47 Town Watch
21:49 Loom
38:31 Imperial Age
38:56 Heavy Plow
Rebel.
14:23 Feudal Age
16:24 Wheelbarrow
15:58 Horse Collar
16:06 Double-Bit Axe
19:08 Castle Age
20:50 Hand Cart
22:32 Husbandry
22:45 Bloodlines
22:44 Heavy Plow
28:27 Scale Barding Armor
28:33 Forging
30:27 Arson
30:43 Squires
30:04 Pikeman
31:16 Bow Saw
31:02 Gold Mining
31:02 Stone Mining
31:18 Scale Mail Armor
34:05 Chain Mail Armor
37:38 Imperial Age
36:54 Chain Barding Armor
37:10 Iron Casting
37:38 Halberdier
39:04 Conscription
38:08 Cavalier
40:24 Blast Furnace
40:37 Plate Mail Armor
40:43 Plate Barding Armor
40:12 Padded Archer Armor
42:21 Gold Shaft Mining
42:21 Stone Shaft Mining
43:12 Guilds
43:47 Crop Rotation
44:20 Two-Man Saw
43:38 Elite War Elephant
闲挂月
10:52 Feudal Age
15:37 Castle Age
14:32 Double-Bit Axe
14:29 Horse Collar
17:16 Wheelbarrow
17:37 Bow Saw
17:31 Heavy Plow
20:42 Stone Mining
23:07 Gold Mining
23:44 Forging
24:51 Loom
35:57 Fletching
泰达津布曲
12:45 Feudal Age
24:46 Loom
25:54 Double-Bit Axe
41:47 Horse Collar
Connection lost

Rejoining the realm…

Still unreachable

The connection could not be restored.

Session expired

The server has moved on; the page needs a fresh start.